 Dungeon Crawl Stone Soup version 0.31.0-32-g396128a36d (webtiles) character file.

Game seed: 2506417874927246397

490 Marvel the Sneak (level 7, -2/44 HPs)
             Began as an Octopode Shapeshifter on Mar 15, 2024.
             Slain by a gnoll
             ... wielding a +0 halberd
             ... led by a gnoll bouda
              (14 damage)
             ... on level 4 of the Dungeon.
             The game lasted 00:07:42 (3017 turns).

Marvel the Sneak (Octopode Shapeshifter)            Turns: 3017, Time: 00:07:42

Health: -2/44      AC:  1    Str: 13    XL:     7   Next: 14%
Magic:  7/7        EV: 14    Int: 12    God:
Gold:   123        SH:  0    Dex: 14    Spells: 6/6 levels left

rFire   . . .        m - +4 dagger (venom)
rCold   . . .        (no shield)
rNeg    . . .        (helmet currently unavailable)
rPois   .            (no amulet)
rElec   .            o - ring of resist corrosion
rCorr   +            d - ring of see invisible
SInv    +            (no ring)
Will    .....        (no ring)
Stlth   +++++        (no ring)
HPRegen 0.27/turn    (no ring)
MPRegen 0.10/turn    (no ring)
                     (no ring)

%: no passive effects
@: beast-form, weakened
A: beast (slay +1), almost no armour, amphibious, 8 rings, camouflage 1,
gelatinous body 1, nimble swimmer 1, tentacles
a: Begin Untransformation


You were on level 4 of the Dungeon.
You were a hulking beast.
You visited 1 branch of the dungeon, and saw 4 of its levels.

You collected 123 gold pieces.

Inventory:

Hand Weapons
 m - a +4 dagger of venom (weapon)
Missiles
 h - 2 boomerangs (quivered)
 k - 6 poisoned darts
Jewellery
 d - a ring of see invisible (right tentacle)
 o - a ring of resist corrosion (left tentacle)
Talismans
 b - a beast talisman
 c - a flux talisman
Wands
 n - a wand of flame (15)
Scrolls
 f - a scroll of fear {unknown}
 g - a scroll of immolation {unknown}
 p - a scroll of vulnerability {unknown}
Potions
 a - 2 potions of lignification
 e - 2 potions of might {unknown}
 i - 3 potions of haste {unknown}
 j - 2 potions of degeneration {unknown}
 l - a potion of curing


   Skills:
 + Level 1.8 Fighting
 * Level 3.6 Short Blades
 + Level 3.3 Dodging
 - Level 7.2 Stealth
 - Level 3.0 Unarmed Combat
 - Level 3.0 Shapeshifting


You had 6 spell levels left.
You didn't know any spells.
Your spell library contained the following spells:

 Spells                   Type           Power      Damage    Failure   Level
 Dazzling Flash           Conj/Hex       0%         N/A       69%         3
 Mephitic Cloud           Conj/Alch/Air  0%         N/A       69%         3
 Curse of Agony           Necr           0%         N/A       100%        5
 Silence                  Hex/Air        0%         N/A       100%        5


Dungeon Overview and Level Annotations

Branches:
Dungeon (4/15)
 Temple: D:4-7

Altars:
Elyvilon
Hepliaklqana
Kikubaaqudgha
Zin

Annotations:
D:3 2 transporters


Innate Abilities, Weirdness & Mutations

You are a hulking beast.
Your limbs bulge with bestial killing power. (Slay +1)
You cannot wear most types of armour.
You are amphibious.
You can wear up to eight rings at the same time.
Your skin changes colour to match your surroundings (Stealth+).
Your rubbery body absorbs attacks. (AC +1, EV +1)
You are camouflaged when in or above water. (Stealth+)
You have tentacles for arms and can constrict up to eight enemies at once.


Message History

The gnoll is heavily wounded.
The gnoll is no longer moving quickly.
The gnoll hits you from afar with a +0 spear.
The gnoll hits you from afar with a +0 spear!
The gnoll is no longer moving quickly.
The gnoll barely misses you. The gnoll hits you with a +0 spear!
You are too injured to fight recklessly!
You hit the gnoll. You grab the gnoll.
The gnoll is almost dead.
You constrict the gnoll.
You kill the gnoll!
Your attacks no longer feel as feeble.
The gnoll bouda barks out a call to the hunt!
The gnoll picks up the pace!
You hear a shout!
The gnoll is no longer moving quickly.
The gnoll bouda barks out a call to the hunt!
The gnoll picks up the pace!
You hear a shout!
The gnoll bouda barks out a call to the hunt!
You enter the deep water.
The gnoll attacks as it pursues you! The gnoll closely misses you.
The gnoll misses you.
The gnoll bouda gazes fiercely through you!
You feel your attacks grow feeble.
You hit the gnoll.
The gnoll is poisoned.
Your grab misses the gnoll.
The gnoll is moderately wounded.
The gnoll closely misses you. The gnoll hits you with a +0 halberd!
The gnoll bouda barks out a call to the hunt!
The gnoll misses you.
The gnoll bouda gazes fiercely through you!
You feel as though you will be weak longer.
The gnoll hits you from afar with a +0 halberd!
* * * LOW HITPOINT WARNING * * *
The gnoll attacks as it pursues you!
The gnoll splashes around in the water.
The gnoll is no longer moving quickly.
You enter the shallow water.
The gnoll is no longer moving quickly. x2
The gnoll attacks as it pursues you!
The gnoll hits you from afar with a +0 halberd!
You die...

#.............#
#.............#
#.............#
##+##.....#####
.............#
......≈~≈....#
#...≈≈~≈≈...#
#...~~♣~~...#
#...≈≈~h≈...#
#♣...≈~≈...♣#
♣♣....g..♣♣
♣♣.....♣♣
♣♣...♣♣
♣♣...g.♣♣
♣♣.g.....♣♣
♣...≈~≈...♣
♣♣..≈≈g≈≈..♣♣


You could see 3 gnolls.

Vanquished Creatures
  Grinder (D:4)
  Sigmund (D:2)
  A gnoll (D:4)
  4 adders
  2 dart slugs
  2 ribbon worms (D:3)
  2 orcs
  5 bats
  7 endoplasms
  3 giant cockroaches
  5 goblins
  4 hobgoblins
  5 jackals
  2 quokkas
  10 ball pythons
  4 frilled lizards
  5 kobolds
  2 rats
  A spectral orc (D:3)
66 creatures vanquished.

Notes
Turn   | Place    | Note
-------+----------+-------------------------------------------
     0 | D:1      | Marvel the Octopode Shapeshifter began the quest for the
                  | Orb.
     0 | D:1      | Reached XP level 1. HP: 13/13 MP: 1/1
   244 | D:1      | Reached skill level 1 in Stealth
   274 | D:1      | Reached XP level 2. HP: 18/18 MP: 2/2
   357 | D:1      | Reached skill level 2 in Stealth
   856 | D:2      | Reached XP level 3. HP: 18/23 MP: 3/3
   995 | D:2      | Found a glowing silver altar of Zin.
  1060 | D:2      | Noticed Sigmund
  1064 | D:2      | Reached skill level 1 in Short Blades
  1064 | D:2      | Reached skill level 3 in Stealth
  1075 | D:2      | Killed Sigmund
  1076 | D:2      | Reached skill level 5 in Stealth
  1076 | D:2      | Reached XP level 4. HP: 24/28 MP: 4/4
  1076 | D:2      | Reached XP level 5. HP: 29/33 MP: 5/5
  1226 | D:2      | Reached XP level 6. HP: 38/38 MP: 6/6
  1927 | D:3      | Reached skill level 6 in Stealth
  1967 | D:3      | Found a transporter.
  2269 | D:3      | Noticed a kobold demonologist
  2275 | D:3      | Found a transporter.
  2447 | D:3      | Found an ancient bone altar of Kikubaaqudgha.
  2695 | D:3      | Found a hazy altar of Hepliaklqana.
  2908 | D:4      | Noticed Grinder
  2913 | D:4      | Killed Grinder
  2914 | D:4      | Reached skill level 7 in Stealth
  2914 | D:4      | Reached XP level 7. HP: 44/44 MP: 7/7
  2918 | D:4      | Found a white marble altar of Elyvilon.
  3017 | D:4      | Slain by a gnoll

Illustrated notes

Levels and vault maps discovered:
D:1:      amcnicky_arrival_single_pillar, layout_basic
D:2:      layout_basic, basic_altar, uniq_sigmund
D:3:      gammafunk_wand_slinger, layout_basic, mainiacjoe_overflow_alcove_1,
          nicolae_hepliaklqana_monster_ancestors
D:4:      layout_gridville, elyvilon_altar_3, minmay_temple_entry_ruins,
          hex_tiny, lightli_corner_chamber, uniq_grinder

Skill      XL: |  1  2  3  4  5  6 |
---------------+-------------------+-----
Stealth        | 1 2 5 7 |  7.2
Short Blades   | 2 3 |  3.6
Dodging        | 3 |  3.3
Fighting       | |  1.8
Unarmed Combat | |  3.0
Shapeshifting  | |  3.0

Action                     |  1- 3 |  4- 6 |  7- 9 || total
---------------------------+-------+-------+-------++-------
  Melee: Unarmed           |    31 |       |       ||    31
         Constrict         |    10 |     9 |     1 ||    20
         Tentacles         |     9 |     6 |       ||    15
         Punch             |     2 |     2 |       ||     4
         Dagger            |    15 |    57 |     3 ||    75
  Throw: Boomerang         |       |       |     2 ||     2
    Use: Scroll            |       |     7 |       ||     7
   Stab: Sleeping          |    11 |    11 |       ||    22
 Armour: Skin              |    15 |    17 |     6 ||    38
  Dodge: Dodged            |    16 |    30 |     5 ||    51
